Coyotes vs Rangers
Created - 12 février 2014 at 22:38
Goals
|
| Coyotes |
0 |
2 |
0 |
0 |
0 |
2 |
| Rangers |
0 |
1 |
1 |
0 |
1 |
3 |
|
Shots
|
| Coyotes |
10 |
13 |
11 |
2 |
3 |
36 |
| Rangers |
9 |
9 |
8 |
1 |
2 |
27 |
|
1st period
No Goal
Penalties :
Jaroslav Balastik (NYR) for Hooking (Minor) at 11:53, Bryan Berard (NYR) for Holding (Minor) at 14:03, Drew Miller (Pho) for Hooking (Minor) at 17:29
2nd period
1. Coyotes , Tim Connolly 25 (Brenden Morrow, Marian Gaborik) at 2:45
2. Coyotes , Riley Cote 7 (Tim Connolly, Brenden Morrow) at 16:57
3. Rangers , Milan Lucic 40 (Patrice Bergeron, Brad Richards) at 19:52
Penalties :
Brenden Morrow (Pho) for Cross-checking (Minor) at 4:51, Marian Gaborik (Pho) for Cross-checking (Minor) at 10:55, Tim Connolly (Pho) for Goalie Interference (Minor) at 13:43, Patrice Bergeron (NYR) for Hooking (Minor) at 17:14, Brenden Morrow (Pho) for High sticking (Minor) at 19:59
3rd period
4. Rangers , Cam Barker 6 (Brad Richards, Milan Lucic) at 19:04
Penalties :
Tim Connolly (Pho) for Hooking (Minor) at 8:31, Patrice Bergeron (NYR) for Hooking (Minor) at 15:40, Brenden Morrow (Pho) for Holding (Minor) at 16:33
Overtime #1
No Goal
Penalties :
No Penalty
Shootout
Penalty Shot by Marian Gaborik for Coyotes - Shot Misses the Net
Penalty Shot by Brad Richards for Rangers - Stopped by Ryan Miller
Penalty Shot by Brenden Morrow for Coyotes - Stopped by Henrik Lundqvist
Penalty Shot by Milan Lucic for Rangers - Goal!
Penalty Shot by Bill Guerin for Coyotes - Stopped by Henrik Lundqvist
Penalties :
No Penalty
Goalie Stats
Ryan Miller (Pho), 25 saves from 27 shots - (0,926), OTL, 25-20-4, 65:00 minutes
Henrik Lundqvist (NYR), 34 saves from 36 shots - (0,944), W, 21-17-3, 64:58 minutes
Players Stats for Coyotes
Player Name G A P +/- PIM S H SB GA TA FO MP PP MP PK MP
------------------------------------------------------------------------------------
Bill Guerin 0 0 0 -1 0 1 1 1 0 0 0/1 11:05 0:03 0:03
Brenden Morrow 0 2 2 1 6 4 1 0 0 0 2/5 23:55 3:58 3:42
Chris Stewart 0 0 0 0 0 0 0 1 0 1 0/1 12:53 2:48 0:00
Craig Adams 0 0 0 -1 0 1 0 0 0 1 3/3 11:54 0:03 5:38
Denis Grebeshkov 0 0 0 1 0 1 1 1 0 1 0/0 24:02 4:21 6:22
Drew Miller 0 0 0 -1 2 3 0 0 0 0 0/1 19:12 2:48 6:02
Frans Nielsen 0 0 0 0 0 3 5 0 0 0 5/14 20:04 2:48 5:25
Jiri Fischer 0 0 0 1 0 0 1 0 0 1 0/0 20:05 0:00 6:22
Joël Perrault 0 0 0 0 0 2 0 0 0 0 1/3 6:19 0:00 1:09
Kurt Sauer 0 0 0 0 0 0 2 2 0 0 0/0 26:05 0:00 6:17
Lukas Krajicek 0 0 0 -1 0 3 0 1 0 1 0/0 14:53 2:29 0:08
Marian Gaborik 0 1 1 1 2 7 2 0 0 0 1/1 19:43 3:59 0:00
Maxim Lapierre 0 0 0 -1 0 4 0 1 0 0 2/5 8:59 0:00 0:00
Riley Cote 1 0 1 1 0 1 0 0 0 0 0/0 9:43 0:00 3:20
Sami Lepisto 0 0 0 -1 0 0 1 0 1 0 0/0 14:53 2:29 0:08
Sergei Samsonov 0 0 0 -1 0 1 0 0 0 1 0/0 11:13 0:03 0:15
Tim Connolly 1 1 2 2 4 4 0 0 0 0 20/32 21:00 3:59 0:00
Tom Poti 0 0 0 0 0 1 2 2 0 3 0/0 30:02 4:21 6:17
Players Stats for Rangers
Player Name G A P +/- PIM S H SB GA TA FO MP PP MP PK MP
------------------------------------------------------------------------------------
Alexandre Burrows 0 0 0 -1 0 5 1 0 1 0 0/0 13:57 0:32 0:44
Brad Richards 0 2 2 1 0 1 2 1 0 0 15/37 29:48 6:47 3:52
Brent Seabrook 0 0 0 0 0 2 0 0 4 0 0/0 23:02 5:34 2:55
Bryan Berard 0 0 0 -1 2 1 0 1 2 0 0/0 10:35 0:00 0:00
Byron Ritchie 0 0 0 -1 0 0 0 1 0 0 0/1 5:48 0:00 0:37
Cam Barker 1 0 1 1 0 2 1 4 0 0 0/0 31:43 7:13 3:55
Drew Stafford 0 0 0 0 0 2 3 0 0 0 0/0 17:17 5:28 0:00
Dustin Brown 0 0 0 1 0 1 2 2 1 0 1/2 17:16 6:47 0:00
Jaroslav Balastik 0 0 0 -1 2 1 0 0 0 0 1/2 7:12 0:00 1:11
Kimmo Timonen 0 0 0 1 0 2 2 2 0 0 0/0 29:28 7:13 3:55
Kyle McLaren 0 0 0 0 0 2 0 1 0 0 0/0 23:02 5:34 2:55
Mark Fistric 0 0 0 0 0 0 0 0 0 0 0/0 2:25 0:00 0:00
Matt Greene 0 0 0 -1 0 0 0 0 1 1 0/0 10:15 0:00 0:00
Matt Read 0 0 0 -1 0 0 1 0 0 0 0/0 11:23 0:18 0:00
Milan Lucic 1 1 2 2 0 1 1 1 0 0 0/2 25:23 6:47 4:11
Patrice Bergeron 0 1 1 1 4 2 3 0 0 0 6/10 20:13 5:42 1:10
Patrick Sharp 0 0 0 0 0 3 2 1 0 0 2/3 20:37 5:42 1:55
Valtteri Filppula 0 0 0 -1 0 2 1 0 0 0 7/9 12:36 0:18 0:00
3 Stars
1 - Milan Lucic (NYR)
2 - Cam Barker (NYR)
3 - Brad Richards (NYR)
Power Play
Coyotes - 0 on 4 Attempt(s) - 0,00%
Rangers - 0 on 7 Attempt(s) - 0,00%
Penalty Kill
Coyotes - 7 on 7 Attempt(s) - 100,00%
- Score 0 goal in Penalty Kill
Rangers - 4 on 4 Attempt(s) - 100,00%
- Score 0 goal in Penalty Kill
Official
Referees : Fraser Kerry and Walsh Ian
Linesman : Don Henderson and Tony Sericolo
Game Notes
No Game Note
Finance
Level 1 -- Attendance: 4263 (71,05%) -- Ticket Income 383 670 $
Level 2 -- Attendance: 4079 (81,58%) -- Ticket Income 224 345 $
Level 3 -- Attendance: 2000 (100,00%) -- Ticket Income 60 000 $
Level 4 -- Attendance: 3638 (90,95%) -- Ticket Income 72 760 $
Luxury Box -- Attendance: 843 (84,30%) -- Ticket Income 147 525 $
Game was played at the Madison Square Garden
Total Attendance: 14823 (82,35%)
Total Ticket Income: 888 300 $
Other Income: 133 245 $
Total Income: 1 021 545 $
Coyotes
5 vs 5 Forward
Center Left Wing Right Wing Time % Phy DF OF
1 Tim Connolly Brenden Morrow Marian Gaborik 40 1 2 2
2 Frans Nielsen Drew Miller Chris Stewart 30 1 2 2
3 Maxim Lapierre Sergei Samsonov Bill Guerin 20 1 2 2
4 Joël Perrault Riley Cote Craig Adams 10 1 2 2
5 vs 5 Defense
Defense Defense Time % Phy DF OF
1 Tom Poti Kurt Sauer 40 1 2 2
2 Denis Grebeshkov Jiri Fischer 30 1 2 2
3 Sami Lepisto Lukas Krajicek 20 1 2 2
4 Tom Poti Kurt Sauer 10 1 2 2
PowerPlay Forward
Center Left Wing Right Wing Time % Phy DF OF
1 Tim Connolly Brenden Morrow Marian Gaborik 60 1 2 2
2 Frans Nielsen Drew Miller Chris Stewart 40 1 2 2
PowerPlay Defense
Defense Defense Time % Phy DF OF
1 Tom Poti Denis Grebeshkov 60 1 2 2
2 Sami Lepisto Lukas Krajicek 40 1 2 2
Penalty Kill 4 Players Forward
Center Wing Time % Phy DF OF
1 Brenden Morrow Drew Miller 60 1 2 2
2 Frans Nielsen Craig Adams 40 1 2 2
Penalty Kill 4 Players Defense
Defense Defense Time % Phy DF OF
1 Tom Poti Kurt Sauer 60 1 2 2
2 Denis Grebeshkov Jiri Fischer 40 1 2 2
Penalty Kill - 3 Players Forward
Forward Time % Phy DF OF
1 Drew Miller 60 1 2 2
2 Frans Nielsen 40 1 2 2
Penalty Kill - 3 Players Defense
Defense Defense Time % Phy DF OF
1 Tom Poti Kurt Sauer 60 1 2 2
2 Denis Grebeshkov Jiri Fischer 40 1 2 2
4 vs 4 Forward
Center Wing Time % Phy DF OF
1 Tim Connolly Marian Gaborik 60 1 2 2
2 Frans Nielsen Brenden Morrow 40 1 2 2
4 vs 4 Defense
Defense Defense Time % Phy DF OF
1 Tom Poti Kurt Sauer 60 1 2 2
2 Denis Grebeshkov Jiri Fischer 40 1 2 2
Last Minutes Offensive
Center Left Wing Right Wing Defense Defense
Tim Connolly Brenden Morrow Marian Gaborik Tom Poti Denis Grebeshkov
Last Minutes Defensive
Center Left Wing Right Wing Defense Defense
Frans Nielsen Drew Miller Craig Adams Tom Poti Kurt Sauer
Goaltenders
Starting : Ryan Miller
Backup : Al Montoya
Extra Forwards
Normal : Bill Guerin, Sergei Samsonov, Craig Adams - PP : Bill Guerin, Sergei Samsonov - PK : Craig Adams
Extra Defensemen
Normal : Sami Lepisto, Lukas Krajicek, Denis Grebeshkov - PP : Sami Lepisto - PK : Lukas Krajicek, Denis Grebeshkov
Penalty Shots
Marian Gaborik, Brenden Morrow, Bill Guerin, Tim Connolly, Frans Nielsen
Rangers
5 vs 5 Forward
Center Left Wing Right Wing Time % Phy DF OF
1 Brad Richards Milan Lucic Dustin Brown 40 1 2 2
2 Patrice Bergeron Patrick Sharp Drew Stafford 30 1 2 2
3 Valtteri Filppula Alexandre Burrows Matt Read 20 1 2 2
4 Byron Ritchie Jaroslav Balastik Brad Richards 10 1 2 2
5 vs 5 Defense
Defense Defense Time % Phy DF OF
1 Cam Barker Kimmo Timonen 40 1 2 2
2 Brent Seabrook Kyle McLaren 30 1 2 2
3 Bryan Berard Matt Greene 20 1 2 2
4 Mark Fistric Cam Barker 10 1 2 2
PowerPlay Forward
Center Left Wing Right Wing Time % Phy DF OF
1 Brad Richards Milan Lucic Dustin Brown 60 1 2 2
2 Patrice Bergeron Patrick Sharp Drew Stafford 40 1 2 2
PowerPlay Defense
Defense Defense Time % Phy DF OF
1 Cam Barker Kimmo Timonen 60 1 2 2
2 Brent Seabrook Kyle McLaren 40 1 2 2
Penalty Kill 4 Players Forward
Center Wing Time % Phy DF OF
1 Brad Richards Milan Lucic 60 1 2 2
2 Patrick Sharp Patrice Bergeron 40 1 2 2
Penalty Kill 4 Players Defense
Defense Defense Time % Phy DF OF
1 Cam Barker Kimmo Timonen 60 1 2 2
2 Brent Seabrook Kyle McLaren 40 1 2 2
Penalty Kill - 3 Players Forward
Forward Time % Phy DF OF
1 Brad Richards 60 1 2 2
2 Milan Lucic 40 1 2 2
Penalty Kill - 3 Players Defense
Defense Defense Time % Phy DF OF
1 Cam Barker Kimmo Timonen 60 1 2 2
2 Brent Seabrook Kyle McLaren 40 1 2 2
4 vs 4 Forward
Center Wing Time % Phy DF OF
1 Brad Richards Milan Lucic 60 1 2 2
2 Patrick Sharp Patrice Bergeron 40 1 2 2
4 vs 4 Defense
Defense Defense Time % Phy DF OF
1 Cam Barker Kimmo Timonen 60 1 2 2
2 Brent Seabrook Kyle McLaren 40 1 2 2
Last Minutes Offensive
Center Left Wing Right Wing Defense Defense
Brad Richards Milan Lucic Dustin Brown Cam Barker Kimmo Timonen
Last Minutes Defensive
Center Left Wing Right Wing Defense Defense
Brad Richards Milan Lucic Dustin Brown Cam Barker Kimmo Timonen
Goaltenders
Starting : Henrik Lundqvist
Backup : Hannu Toivonen
Extra Forwards
Normal : Alexandre Burrows, Valtteri Filppula, Jaroslav Balastik - PP : Alexandre Burrows, Valtteri Filppula - PK : Jaroslav Balastik
Extra Defensemen
Normal : Bryan Berard, Matt Greene, Mark Fistric - PP : Bryan Berard - PK : Matt Greene, Mark Fistric
Penalty Shots
Brad Richards, Milan Lucic, Patrick Sharp, Patrice Bergeron, Dustin Brown
% Time on Ice - Coyotes
Lines # - Real PCT - Wanted PCT - Time Play
Normal Forward
1 - 39% - 40% - 15:19
2 - 26% - 30% - 10:07
3 - 23% - 20% - 8:59
4 - 12% - 10% - 4:52
Normal Defense
1 - 41% - 40% - 16:04
2 - 31% - 30% - 12:07
3 - 27% - 20% - 10:28
4 - 2% - 10% - 0:38
PP Forward
1 - 59% - 60% - 4:02
2 - 41% - 40% - 2:48
PP Defense
1 - 64% - 60% - 4:21
2 - 36% - 40% - 2:29
PK Forward
1 - 82% - 60% - 10:30
2 - 18% - 40% - 2:17
PK Defense
1 - 50% - 60% - 6:25
2 - 50% - 40% - 6:22
PK3 Forward
1 - 0% - 60%
2 - 0% - 40%
PK3 Defense
1 - 0% - 60%
2 - 0% - 40%
44 Forward
1 - 82% - 60% - 5:01
2 - 18% - 40% - 1:05
44 Defense
1 - 71% - 60% - 4:20
2 - 29% - 40% - 1:46
Last Minute Offensive - 0:00
Last Minute Defensive - 0:00
Total
Forward - 65:00
Defense - 65:00
|
% Time on Ice - Rangers
Lines # - Real PCT - Wanted PCT - Time Play
Normal Forward
1 - 29% - 40% - 11:26
2 - 29% - 30% - 11:22
3 - 28% - 20% - 10:59
4 - 13% - 10% - 5:11
Normal Defense
1 - 40% - 40% - 15:27
2 - 31% - 30% - 12:11
3 - 23% - 20% - 8:55
4 - 6% - 10% - 2:25
PP Forward
1 - 55% - 60% - 7:05
2 - 45% - 40% - 5:42
PP Defense
1 - 56% - 60% - 7:13
2 - 44% - 40% - 5:34
PK Forward
1 - 72% - 60% - 4:55
2 - 28% - 40% - 1:55
PK Defense
1 - 57% - 60% - 3:55
2 - 43% - 40% - 2:55
PK3 Forward
1 - 0% - 60%
2 - 0% - 40%
PK3 Defense
1 - 0% - 60%
2 - 0% - 40%
44 Forward
1 - 73% - 60% - 4:28
2 - 27% - 40% - 1:38
44 Defense
1 - 61% - 60% - 3:44
2 - 39% - 40% - 2:22
Last Minute Offensive - 0:19
Last Minute Defensive - 0:00
Total
Forward - 65:00
Defense - 65:00
|
Play by Play
1st period
0:01 of 1st period - Brad Richards wins face-off versus Tim Connolly in neutral zone.
0:26 of 1st period - Tom Poti is hit by Drew Stafford.
1:08 of 1st period - Snap shot by Bill Guerin.
1:08 of 1st period - Stopped by Henrik Lundqvist without a rebound.
1:09 of 1st period - Joël Perrault wins face-off versus Brad Richards in Rangers zone.
1:34 of 1st period - Kurt Sauer is hit by Patrice Bergeron and loses puck.
1:55 of 1st period - Slapshot by Brent Seabrook.
1:55 of 1st period - Deflect By Jiri Fischer.
1:55 of 1st period - Stopped by Ryan Miller with a rebound.
2:53 of 1st period - Byron Ritchie is hit by Sami Lepisto and loses puck.
3:30 of 1st period - Matt Read is hit by Kurt Sauer and loses puck.
3:43 of 1st period - Slapshot by Cam Barker.
3:43 of 1st period - Stopped by Ryan Miller without a rebound.
3:44 of 1st period - Tim Connolly wins face-off versus Brad Richards in Coyotes zone.
3:56 of 1st period - Off-side.
3:57 of 1st period - Tim Connolly wins face-off versus Brad Richards in neutral zone.
4:00 of 1st period - Wrist shot by Brenden Morrow.
4:00 of 1st period - Stopped by Henrik Lundqvist without a rebound.
4:01 of 1st period - Tim Connolly wins face-off versus Brad Richards in Rangers zone.
4:14 of 1st period - Snap shot by Marian Gaborik.
4:14 of 1st period - Stopped by Henrik Lundqvist with a rebound.
4:16 of 1st period - Slapshot by Kurt Sauer.
4:16 of 1st period - Shot Misses the Net.
5:38 of 1st period - Wrist shot by Tim Connolly.
5:38 of 1st period - Shot Misses the Net.
5:40 of 1st period - Snap shot by Marian Gaborik.
5:40 of 1st period - Deflect By Brenden Morrow.
5:40 of 1st period - Deflect By Cam Barker.
5:40 of 1st period - Shot Misses the Net.
5:40 of 1st period - Puck is out of play.
5:41 of 1st period - Frans Nielsen wins face-off versus Patrice Bergeron in Rangers zone.
6:38 of 1st period - Slapshot by Sergei Samsonov.
6:38 of 1st period - Shot Blocked by Milan Lucic.
6:40 of 1st period - Slapshot by Sergei Samsonov.
6:40 of 1st period - Shot Misses the Net.
6:55 of 1st period - Off-side.
6:56 of 1st period - Patrice Bergeron wins face-off versus Joël Perrault in neutral zone.
6:59 of 1st period - Snap shot by Patrick Sharp.
6:59 of 1st period - Shot Misses the Net.
7:15 of 1st period - Snap shot by Joël Perrault.
7:15 of 1st period - Stopped by Henrik Lundqvist with a rebound.
7:19 of 1st period - Wrist shot by Craig Adams.
7:19 of 1st period - Deflect By Joël Perrault.
7:19 of 1st period - Shot Misses the Net.
7:19 of 1st period - Puck is out of play.
7:20 of 1st period - Tim Connolly wins face-off versus Brad Richards in Rangers zone.
7:25 of 1st period - Snap shot by Marian Gaborik.
7:25 of 1st period - Stopped by Henrik Lundqvist without a rebound.
7:26 of 1st period - Dustin Brown wins face-off versus Tim Connolly in Rangers zone.
7:31 of 1st period - Tom Poti is hit by Brad Richards.
7:34 of 1st period - Icing by Brenden Morrow.
7:35 of 1st period - Tim Connolly wins face-off versus Brad Richards in Coyotes zone.
8:10 of 1st period - Alexandre Burrows is hit by Brenden Morrow and loses puck.
8:29 of 1st period - Wrist shot by Patrice Bergeron.
8:29 of 1st period - Shot Blocked by Chris Stewart.
9:19 of 1st period - Slapshot by Lukas Krajicek.
9:19 of 1st period - Stopped by Henrik Lundqvist with a rebound.
9:36 of 1st period - Slapshot by Valtteri Filppula.
9:36 of 1st period - Shot Misses the Net.
9:38 of 1st period - Wrist shot by Bryan Berard.
9:38 of 1st period - Shot Blocked by Maxim Lapierre.
9:40 of 1st period - Slapshot by Bryan Berard.
9:40 of 1st period - Stopped by Ryan Miller without a rebound.
9:41 of 1st period - Patrice Bergeron wins face-off versus Frans Nielsen in Coyotes zone.
9:49 of 1st period - Off-side.
9:50 of 1st period - Patrice Bergeron wins face-off versus Frans Nielsen in neutral zone.
10:20 of 1st period - Slapshot by Frans Nielsen.
10:20 of 1st period - Stopped by Henrik Lundqvist with a rebound.
10:28 of 1st period - Slapshot by Patrice Bergeron.
10:28 of 1st period - Shot Blocked by Kurt Sauer.
10:49 of 1st period - Wrist shot by Drew Miller.
10:49 of 1st period - Stopped by Henrik Lundqvist without a rebound.
10:50 of 1st period - Brad Richards wins face-off versus Tim Connolly in Rangers zone.
11:53 of 1st period - Minor Penalty to Jaroslav Balastik for Hooking.
11:54 of 1st period - Tim Connolly wins face-off versus Brad Richards in Rangers zone.
12:24 of 1st period - Wrist shot by Chris Stewart.
12:24 of 1st period - Shot Misses the Net.
13:32 of 1st period - Chris Stewart is hit by Alexandre Burrows.
13:53 of 1st period - Penalty to Jaroslav Balastik is over, Jaroslav Balastik is back on ice.
13:58 of 1st period - Slapshot by Valtteri Filppula.
13:58 of 1st period - Stopped by Ryan Miller without a rebound.
13:59 of 1st period - Valtteri Filppula wins face-off versus Bill Guerin in Coyotes zone.
14:03 of 1st period - Minor Penalty to Bryan Berard for Holding.
14:04 of 1st period - Brad Richards wins face-off versus Tim Connolly in Rangers zone.
15:02 of 1st period - Lukas Krajicek is hit by Patrick Sharp and loses puck.
16:03 of 1st period - Penalty to Bryan Berard is over, Bryan Berard is back on ice.
16:33 of 1st period - Wrist shot by Joël Perrault.
16:33 of 1st period - Stopped by Henrik Lundqvist without a rebound.
16:34 of 1st period - Maxim Lapierre wins face-off versus Patrice Bergeron in Rangers zone.
16:49 of 1st period - Snap shot by Sergei Samsonov.
16:49 of 1st period - Shot Blocked by Patrick Sharp.
17:04 of 1st period - Sami Lepisto is hit by Patrice Bergeron and loses puck.
17:11 of 1st period - Wrist shot by Patrice Bergeron.
17:11 of 1st period - Shot Misses the Net.
17:13 of 1st period - Slapshot by Matt Greene.
17:13 of 1st period - Shot Misses the Net.
17:17 of 1st period - Wrist shot by Patrick Sharp.
17:17 of 1st period - Stopped by Ryan Miller with a rebound.
17:19 of 1st period - Snap shot by Drew Stafford.
17:19 of 1st period - Stopped by Ryan Miller with a rebound.
17:21 of 1st period - Snap shot by Patrice Bergeron.
17:21 of 1st period - Stopped by Ryan Miller with a rebound.
17:23 of 1st period - Slapshot by Kyle McLaren.
17:23 of 1st period - Stopped by Ryan Miller without a rebound.
17:24 of 1st period - Valtteri Filppula wins face-off versus Chris Stewart in Coyotes zone.
17:27 of 1st period - Wrist shot by Alexandre Burrows.
17:27 of 1st period - Stopped by Ryan Miller with a rebound.
17:29 of 1st period - Minor Penalty to Drew Miller for Hooking.
17:30 of 1st period - Brad Richards wins face-off versus Brenden Morrow in Coyotes zone.
18:43 of 1st period - Icing by Kyle McLaren.
18:44 of 1st period - Frans Nielsen wins face-off versus Brad Richards in Rangers zone.
19:29 of 1st period - Penalty to Drew Miller is over, Drew Miller is back on ice.
19:40 of 1st period - Snap shot by Sergei Samsonov.
19:40 of 1st period - Stopped by Henrik Lundqvist without a rebound.
19:41 of 1st period - Maxim Lapierre wins face-off versus Valtteri Filppula in Rangers zone.
19:52 of 1st period - Snap shot by Sergei Samsonov.
19:52 of 1st period - Shot Misses the Net.
Goals for this period are 0 for Coyotes vs 0 for Rangers.
Shots for this period are 10 for Coyotes vs 9 for Rangers.
2nd period
0:01 of 2nd period - Tim Connolly wins face-off versus Milan Lucic in neutral zone.
0:12 of 2nd period - Snap shot by Marian Gaborik.
0:12 of 2nd period - Shot Blocked by Brad Richards.
0:14 of 2nd period - Snap shot by Marian Gaborik.
0:14 of 2nd period - Stopped by Henrik Lundqvist with a rebound.
0:16 of 2nd period - Slapshot by Kurt Sauer.
0:16 of 2nd period - Shot Blocked by Cam Barker.
0:26 of 2nd period - Tom Poti is hit by Cam Barker and loses puck.
0:37 of 2nd period - Snap shot by Patrice Bergeron.
0:37 of 2nd period - Shot Blocked by Tom Poti.
0:39 of 2nd period - Slapshot by Kyle McLaren.
0:39 of 2nd period - Stopped by Ryan Miller without a rebound.
0:40 of 2nd period - Marian Gaborik wins face-off versus Brad Richards in Coyotes zone.
0:40 of 2nd period - Marian Gaborik is hit by Brad Richards.
0:52 of 2nd period - Snap shot by Marian Gaborik.
0:52 of 2nd period - Shot Blocked by Dustin Brown.
0:54 of 2nd period - Slapshot by Marian Gaborik.
0:54 of 2nd period - Shot Blocked by Kyle McLaren.
0:56 of 2nd period - Slapshot by Denis Grebeshkov.
0:56 of 2nd period - Stopped by Henrik Lundqvist with a rebound.
1:13 of 2nd period - Wrist shot by Patrice Bergeron.
1:13 of 2nd period - Stopped by Ryan Miller with a rebound.
1:25 of 2nd period - Sergei Samsonov is hit by Valtteri Filppula and loses puck.
2:43 of 2nd period - Wrist shot by Brenden Morrow.
2:43 of 2nd period - Stopped by Henrik Lundqvist with a rebound.
2:45 of 2nd period - Snap shot by Tim Connolly.
2:45 of 2nd period - Goal by Tim Connolly - Coyotes : 1 - Rangers : 0.
2:46 of 2nd period - Brad Richards wins face-off versus Tim Connolly in neutral zone.
3:11 of 2nd period - Kyle McLaren is hit by Frans Nielsen.
3:22 of 2nd period - Wrist shot by Patrick Sharp.
3:22 of 2nd period - Stopped by Ryan Miller without a rebound.
3:23 of 2nd period - Tim Connolly wins face-off versus Brad Richards in Coyotes zone.
3:34 of 2nd period - Snap shot by Tim Connolly.
3:34 of 2nd period - Stopped by Henrik Lundqvist without a rebound.
3:35 of 2nd period - Tim Connolly wins face-off versus Milan Lucic in Rangers zone.
3:36 of 2nd period - Snap shot by Marian Gaborik.
3:36 of 2nd period - Stopped by Henrik Lundqvist without a rebound.
3:37 of 2nd period - Brad Richards wins face-off versus Tim Connolly in Rangers zone.
3:52 of 2nd period - Wrist shot by Brenden Morrow.
3:52 of 2nd period - Stopped by Henrik Lundqvist with a rebound.
4:02 of 2nd period - Patrice Bergeron is hit by Frans Nielsen and loses puck.
4:24 of 2nd period - Off-side.
4:25 of 2nd period - Valtteri Filppula wins face-off versus Joël Perrault in neutral zone.
4:51 of 2nd period - Minor Penalty to Brenden Morrow for Cross-checking.
4:52 of 2nd period - Craig Adams wins face-off versus Brad Richards in Coyotes zone.
6:51 of 2nd period - Penalty to Brenden Morrow is over, Brenden Morrow is back on ice.
7:24 of 2nd period - Snap shot by Maxim Lapierre.
7:24 of 2nd period - Shot Misses the Net.
7:26 of 2nd period - Wrist shot by Sergei Samsonov.
7:26 of 2nd period - Shot Blocked by Cam Barker.
7:28 of 2nd period - Backhand shot by Jiri Fischer.
7:28 of 2nd period - Deflect By Sergei Samsonov.
7:28 of 2nd period - Shot Blocked by Byron Ritchie.
7:28 of 2nd period - Puck is out of play.
7:29 of 2nd period - Tim Connolly wins face-off versus Byron Ritchie in Rangers zone.
7:52 of 2nd period - Snap shot by Valtteri Filppula.
7:52 of 2nd period - Stopped by Ryan Miller without a rebound.
7:53 of 2nd period - Valtteri Filppula wins face-off versus Maxim Lapierre in Coyotes zone.
7:54 of 2nd period - Wrist shot by Alexandre Burrows.
7:54 of 2nd period - Shot Blocked by Tom Poti.
8:04 of 2nd period - Snap shot by Bill Guerin.
8:04 of 2nd period - Shot Misses the Net.
8:06 of 2nd period - Backhand shot by Sergei Samsonov.
8:06 of 2nd period - Shot Misses the Net.
9:07 of 2nd period - Chris Stewart is hit by Dustin Brown and loses puck.
10:10 of 2nd period - Snap shot by Drew Miller.
10:10 of 2nd period - Deflect By Frans Nielsen.
10:10 of 2nd period - Shot Misses the Net.
10:10 of 2nd period - Puck is out of play.
10:11 of 2nd period - Frans Nielsen wins face-off versus Patrice Bergeron in Rangers zone.
10:34 of 2nd period - Wrist shot by Milan Lucic.
10:34 of 2nd period - Deflect By Brad Richards.
10:34 of 2nd period - Stopped by Ryan Miller without a rebound.
10:35 of 2nd period - Tim Connolly wins face-off versus Dustin Brown in Coyotes zone.
10:35 of 2nd period - Tim Connolly is hit by Milan Lucic.
10:55 of 2nd period - Minor Penalty to Marian Gaborik for Cross-checking.
10:56 of 2nd period - Brad Richards wins face-off versus Brenden Morrow in Coyotes zone.
11:07 of 2nd period - Snap shot by Milan Lucic.
11:07 of 2nd period - Shot Misses the Net.
11:09 of 2nd period - Slapshot by Cam Barker.
11:09 of 2nd period - Shot Misses the Net.
11:11 of 2nd period - Wrist shot by Kimmo Timonen.
11:11 of 2nd period - Stopped by Ryan Miller without a rebound.
11:12 of 2nd period - Brenden Morrow wins face-off versus Brad Richards in Coyotes zone.
11:25 of 2nd period - Slapshot by Kimmo Timonen.
11:25 of 2nd period - Stopped by Ryan Miller without a rebound.
11:26 of 2nd period - Brad Richards wins face-off versus Brenden Morrow in Coyotes zone.
11:51 of 2nd period - Tom Poti is hit by Drew Stafford and loses puck.
12:55 of 2nd period - Penalty to Marian Gaborik is over, Marian Gaborik is back on ice.
13:02 of 2nd period - Wrist shot by Maxim Lapierre.
13:02 of 2nd period - Stopped by Henrik Lundqvist with a rebound.
13:04 of 2nd period - Slapshot by Lukas Krajicek.
13:04 of 2nd period - Shot Blocked by Cam Barker.
13:43 of 2nd period - Minor Penalty to Tim Connolly for Goalie Interference.
13:44 of 2nd period - Brenden Morrow wins face-off versus Brad Richards in Coyotes zone.
14:04 of 2nd period - Kurt Sauer is hit by Dustin Brown and loses puck.
15:31 of 2nd period - Matt Read is hit by Jiri Fischer and loses puck.
15:43 of 2nd period - Penalty to Tim Connolly is over, Tim Connolly is back on ice.
16:13 of 2nd period - Snap shot by Brenden Morrow.
16:13 of 2nd period - Shot Blocked by Kimmo Timonen.
16:55 of 2nd period - Snap shot by Tim Connolly.
16:55 of 2nd period - Deflect By Brad Richards.
16:55 of 2nd period - Stopped by Henrik Lundqvist with a rebound.
16:57 of 2nd period - Snap shot by Riley Cote.
16:57 of 2nd period - Goal by Riley Cote - Coyotes : 2 - Rangers : 0.
16:58 of 2nd period - Patrice Bergeron wins face-off versus Frans Nielsen in neutral zone.
17:14 of 2nd period - Minor Penalty to Patrice Bergeron for Hooking.
17:15 of 2nd period - Frans Nielsen wins face-off versus Jaroslav Balastik in Rangers zone.
17:17 of 2nd period - Slapshot by Drew Miller.
17:17 of 2nd period - Stopped by Henrik Lundqvist without a rebound.
17:18 of 2nd period - Jaroslav Balastik wins face-off versus Frans Nielsen in Rangers zone.
17:28 of 2nd period - Off-side.
17:29 of 2nd period - Brad Richards wins face-off versus Tim Connolly in neutral zone.
17:40 of 2nd period - Wrist shot by Marian Gaborik.
17:40 of 2nd period - Stopped by Henrik Lundqvist without a rebound.
17:41 of 2nd period - Tim Connolly wins face-off versus Brad Richards in Rangers zone.
17:52 of 2nd period - Snap shot by Brenden Morrow.
17:52 of 2nd period - Stopped by Henrik Lundqvist with a rebound.
18:16 of 2nd period - Wrist shot by Jaroslav Balastik.
18:16 of 2nd period - Stopped by Ryan Miller without a rebound.
18:17 of 2nd period - Patrick Sharp wins face-off versus Frans Nielsen in Coyotes zone.
19:14 of 2nd period - Penalty to Patrice Bergeron is over, Patrice Bergeron is back on ice.
19:23 of 2nd period - Snap shot by Maxim Lapierre.
19:23 of 2nd period - Shot Misses the Net.
19:50 of 2nd period - Snap shot by Patrice Bergeron.
19:50 of 2nd period - Shot Misses the Net.
19:52 of 2nd period - Snap shot by Milan Lucic.
19:52 of 2nd period - Goal by Milan Lucic - Coyotes : 2 - Rangers : 1.
19:53 of 2nd period - Valtteri Filppula wins face-off versus Tim Connolly in neutral zone.
19:59 of 2nd period - Minor Penalty to Brenden Morrow for High sticking.
Goals for this period are 2 for Coyotes vs 1 for Rangers.
Shots for this period are 13 for Coyotes vs 9 for Rangers.
Goals for this period are 2 for Coyotes vs 1 for Rangers.
Shots for this period are 13 for Coyotes vs 9 for Rangers.
3rd period
0:01 of 3rd period - Craig Adams wins face-off versus Brad Richards in neutral zone.
1:59 of 3rd period - Penalty to Brenden Morrow is over, Brenden Morrow is back on ice.
2:00 of 3rd period - Kimmo Timonen is hit by Kurt Sauer.
2:10 of 3rd period - Bryan Berard is hit by Tom Poti and loses puck.
2:39 of 3rd period - Slapshot by Maxim Lapierre.
2:39 of 3rd period - Stopped by Henrik Lundqvist without a rebound.
2:40 of 3rd period - Tim Connolly wins face-off versus Valtteri Filppula in Rangers zone.
3:22 of 3rd period - Patrice Bergeron is hit by Frans Nielsen and loses puck.
3:31 of 3rd period - Snap shot by Frans Nielsen.
3:31 of 3rd period - Stopped by Henrik Lundqvist without a rebound.
3:32 of 3rd period - Tim Connolly wins face-off versus Brad Richards in Rangers zone.
5:46 of 3rd period - Wrist shot by Maxim Lapierre.
5:46 of 3rd period - Shot Blocked by Bryan Berard.
6:10 of 3rd period - Wrist shot by Marian Gaborik.
6:10 of 3rd period - Stopped by Henrik Lundqvist without a rebound.
6:11 of 3rd period - Patrick Sharp wins face-off versus Frans Nielsen in Rangers zone.
6:11 of 3rd period - Patrick Sharp is hit by Frans Nielsen.
6:16 of 3rd period - Off-side.
6:17 of 3rd period - Patrice Bergeron wins face-off versus Frans Nielsen in neutral zone.
6:30 of 3rd period - Wrist shot by Patrick Sharp.
6:30 of 3rd period - Stopped by Ryan Miller with a rebound.
6:32 of 3rd period - Snap shot by Patrick Sharp.
6:32 of 3rd period - Shot Blocked by Kurt Sauer.
6:46 of 3rd period - Snap shot by Alexandre Burrows.
6:46 of 3rd period - Stopped by Ryan Miller with a rebound.
6:48 of 3rd period - Snap shot by Alexandre Burrows.
6:48 of 3rd period - Stopped by Ryan Miller without a rebound.
6:49 of 3rd period - Brad Richards wins face-off versus Tim Connolly in Coyotes zone.
7:04 of 3rd period - Slapshot by Dustin Brown.
7:04 of 3rd period - Stopped by Ryan Miller without a rebound.
7:05 of 3rd period - Patrice Bergeron wins face-off versus Drew Miller in Coyotes zone.
7:06 of 3rd period - Snap shot by Drew Stafford.
7:06 of 3rd period - Stopped by Ryan Miller with a rebound.
8:17 of 3rd period - Bryan Berard is hit by Marian Gaborik and loses puck.
8:31 of 3rd period - Minor Penalty to Tim Connolly for Hooking.
8:32 of 3rd period - Brad Richards wins face-off versus Frans Nielsen in Coyotes zone.
9:08 of 3rd period - Jiri Fischer is hit by Drew Stafford and loses puck.
10:31 of 3rd period - Penalty to Tim Connolly is over, Tim Connolly is back on ice.
10:32 of 3rd period - Slapshot by Tim Connolly.
10:32 of 3rd period - Shot Misses the Net.
10:34 of 3rd period - Snap shot by Lukas Krajicek.
10:34 of 3rd period - Stopped by Henrik Lundqvist with a rebound.
10:36 of 3rd period - Wrist shot by Sami Lepisto.
10:36 of 3rd period - Shot Misses the Net.
10:38 of 3rd period - Wrist shot by Riley Cote.
10:38 of 3rd period - Shot Blocked by Kimmo Timonen.
10:40 of 3rd period - Slapshot by Lukas Krajicek.
10:40 of 3rd period - Stopped by Henrik Lundqvist without a rebound.
10:41 of 3rd period - Valtteri Filppula wins face-off versus Maxim Lapierre in Rangers zone.
10:46 of 3rd period - Slapshot by Bryan Berard.
10:46 of 3rd period - Shot Blocked by Lukas Krajicek.
10:54 of 3rd period - Wrist shot by Maxim Lapierre.
10:54 of 3rd period - Stopped by Henrik Lundqvist without a rebound.
10:55 of 3rd period - Brad Richards wins face-off versus Frans Nielsen in Rangers zone.
11:00 of 3rd period - Slapshot by Drew Miller.
11:00 of 3rd period - Shot Misses the Net.
11:02 of 3rd period - Snap shot by Chris Stewart.
11:02 of 3rd period - Shot Misses the Net.
11:04 of 3rd period - Snap shot by Kurt Sauer.
11:04 of 3rd period - Deflect By Drew Miller.
11:04 of 3rd period - Stopped by Henrik Lundqvist with a rebound.
11:06 of 3rd period - Snap shot by Kurt Sauer.
11:06 of 3rd period - Deflect By Frans Nielsen.
11:06 of 3rd period - Shot Misses the Net.
11:06 of 3rd period - Puck is out of play.
11:07 of 3rd period - Frans Nielsen wins face-off versus Brad Richards in Rangers zone.
11:10 of 3rd period - Snap shot by Frans Nielsen.
11:10 of 3rd period - Stopped by Henrik Lundqvist with a rebound.
11:12 of 3rd period - Slapshot by Tom Poti.
11:12 of 3rd period - Shot Blocked by Dustin Brown.
12:12 of 3rd period - Snap shot by Brent Seabrook.
12:12 of 3rd period - Shot Blocked by Denis Grebeshkov.
13:13 of 3rd period - Bill Guerin is hit by Matt Read and loses puck.
13:37 of 3rd period - Snap shot by Joël Perrault.
13:37 of 3rd period - Shot Misses the Net.
13:39 of 3rd period - Snap shot by Riley Cote.
13:39 of 3rd period - Deflect By Craig Adams.
13:39 of 3rd period - Stopped by Henrik Lundqvist without a rebound.
13:40 of 3rd period - Tim Connolly wins face-off versus Patrice Bergeron in Rangers zone.
13:47 of 3rd period - Snap shot by Tim Connolly.
13:47 of 3rd period - Shot Blocked by Cam Barker.
14:32 of 3rd period - Wrist shot by Maxim Lapierre.
14:32 of 3rd period - Stopped by Henrik Lundqvist without a rebound.
14:33 of 3rd period - Tim Connolly wins face-off versus Patrick Sharp in Rangers zone.
14:34 of 3rd period - Snap shot by Marian Gaborik.
14:34 of 3rd period - Shot Misses the Net.
14:50 of 3rd period - Kyle McLaren is hit by Marian Gaborik.
15:40 of 3rd period - Minor Penalty to Patrice Bergeron for Hooking.
15:41 of 3rd period - Tim Connolly wins face-off versus Brad Richards in Rangers zone.
15:59 of 3rd period - Icing by Tim Connolly.
16:00 of 3rd period - Brad Richards wins face-off versus Tim Connolly in Coyotes zone.
16:09 of 3rd period - Snap shot by Marian Gaborik.
16:09 of 3rd period - Stopped by Henrik Lundqvist without a rebound.
16:10 of 3rd period - Tim Connolly wins face-off versus Brad Richards in Rangers zone.
16:33 of 3rd period - Minor Penalty to Brenden Morrow for Holding.
16:34 of 3rd period - Brad Richards wins face-off versus Tim Connolly in Coyotes zone.
16:47 of 3rd period - Milan Lucic is hit by Tom Poti and loses puck.
17:11 of 3rd period - Icing by Kurt Sauer.
17:12 of 3rd period - Brad Richards wins face-off versus Tim Connolly in Coyotes zone.
17:27 of 3rd period - Wrist shot by Alexandre Burrows.
17:27 of 3rd period - Stopped by Ryan Miller with a rebound.
17:29 of 3rd period - Slapshot by Kyle McLaren.
17:29 of 3rd period - Shot Blocked by Bill Guerin.
17:37 of 3rd period - Patrick Sharp is hit by Frans Nielsen.
17:40 of 3rd period - Penalty to Patrice Bergeron is over, Patrice Bergeron is back on ice.
17:53 of 3rd period - Wrist shot by Alexandre Burrows.
17:53 of 3rd period - Stopped by Ryan Miller without a rebound.
17:54 of 3rd period - Craig Adams wins face-off versus Brad Richards in Coyotes zone.
18:19 of 3rd period - Jiri Fischer is hit by Kimmo Timonen and loses puck.
18:30 of 3rd period - Kyle McLaren is hit by Denis Grebeshkov and loses puck.
18:33 of 3rd period - Penalty to Brenden Morrow is over, Brenden Morrow is back on ice.
19:02 of 3rd period - Rangers, Henrik Lundqvist is pulled from the net.
19:02 of 3rd period - Slapshot by Brad Richards.
19:02 of 3rd period - Shot Misses the Net.
19:04 of 3rd period - Wrist shot by Cam Barker.
19:04 of 3rd period - Goal by Cam Barker - Coyotes : 2 - Rangers : 2.
19:04 of 3rd period - Henrik Lundqvist from Rangers was sent back in the game.
19:05 of 3rd period - Valtteri Filppula wins face-off versus Maxim Lapierre in neutral zone.
Goals for this period are 0 for Coyotes vs 1 for Rangers.
Shots for this period are 11 for Coyotes vs 8 for Rangers.
Overtime #1
0:01 of 1st overtime period - Tim Connolly wins face-off versus Brad Richards in neutral zone.
0:12 of 1st overtime period - Wrist shot by Tim Connolly.
0:12 of 1st overtime period - Stopped by Henrik Lundqvist without a rebound.
0:13 of 1st overtime period - Tim Connolly wins face-off versus Brad Richards in Rangers zone.
0:20 of 1st overtime period - Slapshot by Marian Gaborik.
0:20 of 1st overtime period - Shot Misses the Net.
0:22 of 1st overtime period - Backhand shot by Marian Gaborik.
0:22 of 1st overtime period - Shot Misses the Net.
0:24 of 1st overtime period - Backhand shot by Tom Poti.
0:24 of 1st overtime period - Deflect By Kimmo Timonen.
0:24 of 1st overtime period - Stopped by Henrik Lundqvist with a rebound.
2:09 of 1st overtime period - Patrice Bergeron is hit by Bill Guerin and loses puck.
3:01 of 1st overtime period - Jiri Fischer is hit by Patrick Sharp and loses puck.
3:06 of 1st overtime period - Snap shot by Patrice Bergeron.
3:06 of 1st overtime period - Shot Misses the Net.
4:11 of 1st overtime period - Slapshot by Brent Seabrook.
4:11 of 1st overtime period - Stopped by Ryan Miller with a rebound.
4:43 of 1st overtime period - Bill Guerin is hit by Patrice Bergeron.
4:47 of 1st overtime period - Marian Gaborik is hit by Kimmo Timonen.
Goals for this period are 0 for Coyotes vs 0 for Rangers.
Shots for this period are 2 for Coyotes vs 1 for Rangers.
ShootOut
5:00 of 1st overtime period - Penalty Shot by Marian Gaborik for Coyotes.
5:00 of 1st overtime period - Wrist shot by Marian Gaborik.
5:00 of 1st overtime period - Shot Misses the Net.
5:00 of 1st overtime period - Penalty Shot by Brad Richards for Rangers.
5:00 of 1st overtime period - Snap shot by Brad Richards.
5:00 of 1st overtime period - Stopped by Ryan Miller.
5:00 of 1st overtime period - Penalty Shot by Brenden Morrow for Coyotes.
5:00 of 1st overtime period - Backhand shot by Brenden Morrow.
5:00 of 1st overtime period - Stopped by Henrik Lundqvist.
5:00 of 1st overtime period - Penalty Shot by Milan Lucic for Rangers.
5:00 of 1st overtime period - Wrist shot by Milan Lucic.
5:00 of 1st overtime period - Goal by Milan Lucic.
5:00 of 1st overtime period - Penalty Shot by Bill Guerin for Coyotes.
5:00 of 1st overtime period - Backhand shot by Bill Guerin.
5:00 of 1st overtime period - Stopped by Henrik Lundqvist.
Output by the SimonT Hockey Simulator (STHS) for François Prévost -- Original Page W3C XHTML 1.0 Valid